 Dungeon Crawl Stone Soup version 0.18-a0-1285-g60d00e1 (webtiles) character file.

20 M4edhros the Charlatan (level 2, -1/18 HPs)
             Began as an Octopode Artificer on Feb 8, 2016.
             Slain by a hobgoblin
             ... wielding a +0 club
              (2 damage)
             ... on level 1 of the Dungeon.
             The game lasted 00:00:44 (1104 turns).

M4edhros the Charlatan (Octopode Artificer)         Turns: 1104, Time: 00:00:45

Health: -1/18      AC:  1    Str: 10    XL:     2   Next: 79%
Magic:  4/4        EV: 12    Int: 14    God:
Gold:   79         SH:  0    Dex: 12    Spells: 0 memorised, 1 level left

rFire  . . .     SeeInvis .     a - +0 short sword
rCold  . . .     Gourm    .     (no shield)
rNeg   . . .     Faith    .     (helmet restricted)
rPois  .         Spirit   .     (no amulet)
rElec  .         Dismiss  .     (no ring)
rCorr  .         Reflect  .     (no ring)
SustAt .         Harm     .     (no ring)
MR     .....                    (no ring)
Stlth  +++.......               (no ring)
                                (no ring)
                                (no ring)
                                (no ring)

@: not resistant to hostile enchantments, fairly stealthy
A: almost no armour, amphibious, 8 rings, constrict 8, camouflage 1, gelatinous
body 1
a: no special abilities


You were on level 1 of the Dungeon.
You were hungry.

You visited 1 branch of the dungeon, and saw 2 of its levels.

You collected 79 gold pieces.

Inventory:

Hand Weapons
 a - a +0 short sword (weapon)
Wands
 b - a wand of flame (15/48)
 c - a wand of enslavement (15/24)
 d - a wand of random effects (15/48)
Scrolls
 e - a scroll of fear {unknown}
 h - a scroll of recharging {unknown}
 i - a scroll of noise {unknown}
Potions
 j - a potion of curing {unknown}
Comestibles
 f - 2 bread rations
 g - a royal jelly
 k - 3 chunks of flesh


   Skills:
 - Level 1.0 Fighting
 - Level 1.0 Short Blades
 * Level 2.6 Dodging
 * Level 2.6 Stealth
 + Level 3.4 Evocations


You had one spell level left.
You didn't know any spells.

Dungeon Overview and Level Annotations

Branches:
Dungeon (2/15)

Altars:


Innate Abilities, Weirdness & Mutations

You cannot wear most types of armour.
You are amphibious.
You can wear up to eight rings at the same time.
You can use your tentacles to constrict eight enemies at once.
Your skin changes colour to match your surroundings (Stealth).
Your rubbery body absorbs attacks (AC +1).


Message History

The jackal bites you. The hobgoblin hits you with a club.
You climb upwards.
There is a stone staircase leading down here.
The hobgoblin hits you with a club. The jackal barely misses you.
You closely miss the jackal. Your grab misses the jackal.
The jackal closely misses you.
You hit the jackal. Your grab misses the jackal.
The jackal is almost dead.
The jackal bites you. x2
You hit the jackal but do no damage. You grab the jackal.
You squeeze the jackal.
You kill the jackal!
You barely miss the hobgoblin. You grab the hobgoblin.
You constrict the hobgoblin. The hobgoblin hits you with a club!
* * * LOW HITPOINT WARNING * * *
You are too injured to fight recklessly!
You hit the hobgoblin.
The hobgoblin is heavily wounded.
You constrict the hobgoblin. The hobgoblin hits you with a club.
You die...

# ## ###### .######### #######
#..... .........# #.....# #.####
.#######.# #.###.######.#### ##
#.# ##.#.............. # #.#
#>...#.#...####### # #.#
#g#..........#### # #.#
#@.....#........# #.#
##.##..#####.##.#
########.#######...#..# #.##.#
(.............#.......# #.##.#
.#######.####.........#####.##.##
.# #.# ###.......##....##... .#
#.# ##...#..##.#######. .#
#.########.##..##.#######. .#
#.#........##.............


You could see a hobgoblin.

Vanquished Creatures
  A giant gecko (D:1)
  A bat (D:2)
  2 giant cockroaches
  A goblin (D:1)
  2 hobgoblins (D:1)
  4 jackals (D:1)
  A ball python (D:1)
  3 kobolds
  A rat (D:1)
16 creatures vanquished.

Notes
Turn   | Place    | Note
--------------------------------------------------------------
     0 | D:1      | M4edhros the Octopode Artificer began the quest for the Orb.
     0 | D:1      | Reached XP level 1. HP: 13/13 MP: 3/3
   261 | D:1      | Reached XP level 2. HP: 13/18 MP: 4/4
  1104 | D:1      | Slain by a hobgoblin

Vault maps used:
D:1:      dpeg_arrival_stonehenge_8_columns, st_stairs_4
D:2:      uniq_crazy_yiuf_cottage, uniq_terence

Action                   || total
-------------------------++-------
Melee: Short sword       ||    47
 Stab: Sleeping          ||     2
